 Dungeon Crawl Stone Soup version 0.17.0-28-g6e173f8 (webtiles) character file.

536 PossumBlood the Destroyer (level 7, -4/36 HPs)
             Began as a Deep Elf Conjurer on Nov 25, 2015.
             Was an Initiate of Vehumet.
             Slain by Solomon123's ghost (8 damage)
             ... on level 3 of the Dungeon.
             The game lasted 00:12:00 (3195 turns).

PossumBlood the Destroyer (Deep Elf Conjurer)       Turns: 3195, Time: 00:12:00

Health: -4/36      AC:  7    Str:  5    XL:     7   Next: 4%
Magic:  4/13       EV: 13    Int: 22    God:    Vehumet [......]
Gold:   102        SH:  0    Dex: 15    Spells: 2 memorised, 6 levels left

rFire  x . .     SeeInvis +     j - +0 quarterstaff
rCold  + . .     Clarity  .     a - +1 robe
rNeg   . . .     SustAt   .     (shield currently unavailable)
rPois  .         Gourm    .     (no helmet)
rElec  .         Spirit   .     (no cloak)
rCorr  .         Warding  .     (no gloves)
rMut   .         Stasis   .     (no boots)
MR     .....                    (no amulet)
Stlth  ++........               n - ring of ice
                                g - ring of see invisible

@: lethally poisoned (-4 -> -13), very slightly contaminated, invisible, not
resistant to hostile enchantments, unstealthy
A: iridescent scales 1
a: Renounce Religion


You were on level 3 of the Dungeon.
You worshipped Vehumet.
Vehumet was noncommittal.
You were not hungry.

You visited 1 branch of the dungeon, and saw 3 of its levels.

You collected 102 gold pieces.

Inventory:

Hand Weapons
 d - a +1 dagger
 j - a +0 quarterstaff (weapon)
Armour
 a - a +1 robe (worn)
Jewellery
 g - a ring of see invisible (left hand)
 n - a ring of ice (right hand)
Scrolls
 i - 2 scrolls of remove curse
 k - a scroll of magic mapping
Potions
 q - a potion of haste {unknown}
Books
 b - a book of Conjurations

   Spells                             Type                      Level
   a - Magic Dart                     Conjuration                  1
   b - Searing Ray                    Conjuration                  2
   c - Dazzling Spray                 Conjuration/Hexes            3
   d - Fulminant Prism                Conjuration/Hexes            4
   e - Iskenderun's Mystic Blast      Conjuration                  4
   f - Iskenderun's Battlesphere      Conjuration/Charms           5
Comestibles
 c - a bread ration
 f - 3 meat rations


   Skills:
 - Level 0.1 Fighting
 - Level 0.2 Staves
 - Level 2.4 Dodging
 - Level 2.4 Stealth
 - Level 3.0 Spellcasting
 + Level 9.3 Conjurations


You had 6 spell levels left.
You knew the following spells:

 Your Spells              Type           Power        Failure   Level  Hunger
a - Magic Dart            Conj           ####         1%          1    None
b - Iskenderun's Battles  Conj/Chrm      ###.....     63%         5    ######.


Dungeon Overview and Level Annotations

Branches:
Dungeon (3/15)

Altars:
Ashenzari
Elyvilon
Fedhas
Nemelex Xobeh
Okawaru
Ru
Vehumet
The Shining One

Annotations:
D:3 Solomon123's ghost, amateur OgBe


Innate Abilities, Weirdness & Mutations

You are partially covered in iridescent scales (AC +4).


Message History

You feel sick.
You feel sick.
You feel sick.
You feel sick.
You feel sick.
There is an open door here.
You feel sick. Solomon123's ghost hits you.
* * * LOW HITPOINT WARNING * * *
You are lethally poisoned!
There is an open door here.
* * * LOW HITPOINT WARNING * * *
You feel sick.
* * * LOW HITPOINT WARNING * * *
You feel sick.
Drink which item? (? for menu, Esc to quit)
It was a potion of cure mutation.
It has a very clean taste.
You feel frail.
You shed all your fur.
* * * LOW HITPOINT WARNING * * *
You feel sick. Solomon123's ghost hits you!
You die...

#.....# #..........# #.....#
#..........# #.....#
#..........# #########
#..........# ..# ######'#####
#.#### #.# #....#######
###'##########
(.))..(....###..W.........#
..<#.#####..##..@.........#
#..#.# ##.##............#
.....# #)##............#
######## #.##..[.........#
.......# #..###'##########
..####.# ##.###.############
..'..#.# #..##............#
..##.#.# ##.##............#
..##.#.######.##............###


You could see Solomon123's ghost.

Vanquished Creatures
  Grinder (D:3)
  Sigmund (D:2)
  Ijyb (D:2)
  Terence (D:3)
  4 gnolls (D:3)
  2 adders (D:2)
  2 worms (D:2)
  An adder skeleton (D:3)
  A giant gecko (D:1)
  A ball python (D:1)
  4 giant cockroaches
  7 hobgoblins
  4 jackals (D:3)
  2 quokkas (D:2)
  9 bats
  4 giant newts
  9 goblins
  7 kobolds
  7 rats
68 creatures vanquished.

Notes
Turn   | Place    | Note
--------------------------------------------------------------
     0 | D:1      | PossumBlood the Deep Elf Conjurer began the quest for the Orb.
     0 | D:1      | Reached XP level 1. HP: 10/10 MP: 6/6
   307 | D:1      | Reached XP level 2. HP: 15/15 MP: 5/8
   328 | D:1      | Reached skill level 5 in Conjurations
   539 | D:1      | Gained mutation: You are robust (+10% HP). [potion of mutation]
   539 | D:1      | Gained mutation: You are covered in fur (AC +1). [potion of mutation]
   539 | D:1      | Gained mutation: You are partially covered in iridescent scales (AC +4). [potion of mutation]
   989 | D:2      | Reached XP level 3. HP: 20/20 MP: 2/9
  1288 | D:2      | Found a sparkling altar of Nemelex Xobeh.
  1308 | D:2      | Reached skill level 6 in Conjurations
  1531 | D:2      | Noticed Ijyb
  1541 | D:2      | Killed Ijyb
  1541 | D:2      | Reached XP level 4. HP: 26/26 MP: 0/10
  1894 | D:2      | Noticed Sigmund
  1903 | D:2      | Killed Sigmund
  1903 | D:2      | Reached skill level 7 in Conjurations
  1903 | D:2      | Reached XP level 5. HP: 11/30 MP: 0/11
  2295 | D:3      | Reached skill level 8 in Conjurations
  2332 | D:3      | Learned a level 5 spell: Iskenderun's Battlesphere
  2349 | D:3      | Noticed Terence
  2367 | D:3      | Killed Terence
  2367 | D:3      | Reached XP level 6. HP: 35/35 MP: 2/12
  2467 | D:3      | Found a radiant altar of Vehumet.
  2469 | D:3      | Found a white marble altar of Elyvilon.
  2471 | D:3      | Found a shattered altar of Ashenzari.
  2471 | D:3      | Found a blossoming altar of Fedhas.
  2471 | D:3      | Found a glowing golden altar of the Shining One.
  2471 | D:3      | Found a sacrificial altar of Ru.
  2481 | D:3      | Found an iron altar of Okawaru.
  2484 | D:3      | Became a worshipper of Vehumet
  2688 | D:3      | Noticed Grinder
  2693 | D:3      | Paralysed by Grinder for 2 turns
  2715 | D:3      | Paralysed by Grinder for 2 turns
  2724 | D:3      | Killed Grinder
  2724 | D:3      | Reached skill level 9 in Conjurations
  3001 | D:3      | Reached XP level 7. HP: 39/39 MP: 8/13
  3162 | D:3      | Noticed Solomon123's ghost (amateur OgBe)
  3195 | D:3      | Lost mutation: You are robust (+10% HP). [potion of cure mutation]
  3195 | D:3      | Lost mutation: You are covered in fur (AC +1). [potion of cure mutation]
  3195 | D:3      | Slain by Solomon123's ghost

Action                   |  1- 3 |  4- 6 |  7- 9 || total
-------------------------+-------+-------+-------++-------
Melee: Dagger            |     2 |       |       ||     2
       Quarterstaff      |       |    11 |       ||    11
 Cast: Magic Dart        |    87 |    79 |    20 ||   186
  Use: Scroll            |     4 |     3 |       ||     7
       Potion            |     5 |     1 |     3 ||     9
  Eat: Bread ration      |     1 |       |       ||     1
       Fruit             |       |     1 |       ||     1
       Beef jerky        |       |       |     1 ||     1
